 Dungeon Crawl Stone Soup version 0.10.0-32-gfa280cc character file.

285 EyeBee the Grave Robber (level 5, -7/37 (38) HPs)
             Began as a Ghoul Necromancer on Mar 29, 2012.
             Mangled by a gnoll
             ... wielding a +0,+1 spear
              (10 damage)
             ... on Level 3 of the Dungeon.
             The game lasted 00:24:17 (3156 turns).

EyeBee the Grave Robber (Ghoul Necromancer)         Turns: 3156, Time: 00:24:17

HP  -7/37 (38)   AC  2     Str 13      XL: 5   Next: 17%
MP   2/8         EV 12     Int 10      God:
Gold 150         SH  0     Dex  9      Spells:  1 memorised,  7 levels left

Res.Fire  : . . .   See Invis. : .     - Unarmed
Res.Cold  : + . .   Warding    : . . a - +0 robe (curse)
Life Prot.: + + +   Conserve   : .   (no shield)
Res.Acid. : . . .   Res.Corr.  : .   (no helmet)
Res.Poison: +       Clarity    : .   (no cloak)
Res.Elec. : .       Spirit.Shd : .   (no gloves)
Sust.Abil.: . .     Stasis     : .   (no boots)
Res.Mut.  : .       Ctrl.Telep.: .   m - cursed amulet of rage
Res.Rott. : +       Levitation : .   (no ring)
Saprovore : + + +   Ctrl.Flight: .   (no ring)

@: rotting, slightly resistant to hostile enchantments, fairly stealthy
A: rotting body, claws 1, carnivore 3, cold resistance 1, life protection 3,
poison resistance, saprovore 3, slow healing 1, torment resistance, unbreathing
a: Evoke Berserk Rage


You were on level 3 of the Dungeon.
You were not hungry.

You visited 1 branch of the dungeon, and saw 3 of its levels.

You collected 130 gold pieces.

Inventory:

Hand weapons
 i - a +1,+0 dagger (quivered)
 j - a +1,+0 dagger
Armour
 a - a cursed +0 robe (worn)
 c - a +1 orcish ring mail
Comestibles
 k - a meat ration
Scrolls
 f - 4 scrolls of teleportation
 h - a scroll of enchant weapon I {unknown}
 o - a scroll of blinking
 p - a scroll of identify
Jewellery
 m - a cursed amulet of rage (around neck)
Potions
 d - 2 potions of restore abilities
 e - a potion of resistance
 g - 2 potions of poison
 l - a potion of heal wounds {unknown}
 n - a potion of paralysis {unknown}
 q - a potion of curing {unknown}
Books
 b - a book of Necromancy

   Spells                             Type                      Level
   *Pain                              Necromancy                   1
   Animate Skeleton                   Necromancy                   1
   Lethal Infusion                    Charms/Necromancy            2
   Vampiric Draining                  Necromancy                   3
   Regeneration                       Charms/Necromancy            3
   Animate Dead                       Necromancy                   4
   Control Undead                     Necromancy                   4


   Skills:
 + Level 1.4 Fighting
 + Level 3.0 Dodging
 + Level 2.8 Stealth
 + Level 0.4 Traps & Doors
 + Level 1.2 Unarmed Combat
 + Level 2.2 Spellcasting
 + Level 5.1 Necromancy


You had 7 spell levels left.
You knew the following spells:

 Your Spells              Type           Power        Failure   Level  Hunger
a - Pain                  Necr           ###..        4%          1    Strawberry

Dungeon Overview and Level Annotations

Branches:
Dungeon (3/27)

Altars:
Zin

Annotations
D:2 Sigmund


Innate Abilities, Weirdness & Mutations

Your body is rotting away.
You have sharp fingernails.
You are carnivorous and can eat meat at any time.
Your flesh is cold resistant.
You are immune to negative energy.
Your system is resistant to poisons.
You thrive on rotten meat.
You heal slowly.
You are immune to unholy pain and torment.
You can survive without breathing.


Message History

The gnoll resists with some effort.
The gnoll completely misses you.
Casting: Pain
Confirm with . or Enter, or press ? or * to list all spells.
Aiming: Pain
Press: ? - help, Shift-Dir - straight line, f/p - gnoll
Aim: a gnoll, wielding a halberd The gnoll struggles to resist.
The gnoll hits you from afar with a halberd.
* * * LOW HITPOINT WARNING * * *
The gnoll barely misses you.
Casting: Pain
Confirm with . or Enter, or press ? or * to list all spells.
Aiming: Pain
Press: ? - help, Shift-Dir - straight line, f/p - gnoll
Aim: a gnoll, wielding a halberd The gnoll convulses in agony!
The gnoll hits you from afar with a halberd!
* * * LOW HITPOINT WARNING * * *
The gnoll hits you from afar with a spear!
You die...

#......#.
########.##.###.
............# #. #
#...........# #% #..
+...........# #. #...
#...........# #. #....
>..........## #.
##....o###########.###
#.
......g'@............#
#.
.#....g###########.#.#
#. #.<.. ...#.# #.
#... .....#.# #. #.#
.......#.# #(
......#.# #. .....#.#
#. ....#.# #. ##.# ##


You could see 2 gnolls and an orc.

Vanquished Creatures
  A scorpion (D:2)
  Jessica (D:3)
  A gnoll (D:3)
  2 worms
  A grey rat (D:3)
  A giant gecko (D:1)
  4 orcs (D:3)
  11 bats
  3 giant cockroaches
  10 goblins
  5 hobgoblins
  2 jackals (D:1)
  4 ball pythons
  10 kobolds
  11 rats
67 creatures vanquished.

Notes
Turn   | Place    | Note
--------------------------------------------------------------
     0 | D:1      | EyeBee, the Ghoul Necromancer, began the quest for the Orb.
     0 | D:1      | Reached XP level 1. HP: 14/14 MP: 3/3
   341 | D:1      | Reached XP level 2. HP: 17/20 MP: 2/4
   880 | D:1      | Reached XP level 3. HP: 1/25 MP: 0/6
  1504 | D:2      | Noticed Sigmund
  2092 | D:2      | Found a glowing silver altar of Zin.
  2160 | D:2      | Reached skill level 1 in Fighting
  2160 | D:2      | Reached skill level 5 in Necromancy
  2160 | D:2      | Reached XP level 4. HP: 7/32 MP: 6/6
  2821 | D:3      | Found a glowing drain.
  2838 | D:3      | Reached skill level 1 in Unarmed Combat
  2839 | D:3      | Noticed Jessica
  2866 | D:3      | Killed Jessica
  2866 | D:3      | Reached XP level 5. HP: 25/38 MP: 2/8
  3156 | D:3      | Mangled by a gnoll
